 Dungeon Sprint DCSS version 0.30-a0-177-g1cb5dbfd7a (webtiles) character file.

Game seed: 7256421506572017549

8127 mhtbhm the Earth Mage (level 11, -4/57 HPs)
             Began as a Gargoyle Earth Elementalist on Oct 2, 2022.
             Was the Champion of Vehumet.
             Slain by a blink frog (7 damage)
             ... in the Dungeon (Sprint IX: "|||||||||||||||||||||||||||||").
             The game lasted 00:05:20 (2382 turns).

mhtbhm the Earth Mage (Gargoyle Earth Elementalist) Turns: 2382, Time: 00:05:21

Health: -4/57      AC: 11    Str: 15    XL:     11   Next: 26%
Magic:  0/30       EV: 14    Int: 23    God:    Vehumet [******]
Gold:   11         SH:  0    Dex: 10    Spells: 26/40 levels left

rFire   . . .      SeeInvis .    j - +4 quarterstaff (speed)
rCold   . . .      Faith    .    (shield currently unavailable)
rNeg    + . .      Spirit   .    a - +0 robe
rPois   ∞          Reflect  .    k - +0 helmet
rElec   +          Harm     .    (no cloak)
rCorr   .          Rampage  .    (no gloves)
Will    .....      NoTele   +    (no boots)
Stlth   +++.......               (no amulet)
HPRegen 0.29/turn                l - +3 ring of intelligence
MPRegen 0.22/turn                m - +3 ring of strength

@: no status effects
A: sickness immunity, AC +8, negative energy resistance 1, electricity
resistance, torment resistance 1, petrification resistance
a: Renounce Religion


You were in the Dungeon.
You worshipped Vehumet.
Vehumet was exalted by your worship.
You visited 1 branch You collected 11 gold pieces.

Inventory:

Hand Weapons
 j - a +4 quarterstaff of speed (weapon)
Missiles
 n - 4 throwing nets
Armour
 a - a +0 robe (worn)
 k - a +0 helmet (worn)
Jewellery
 l - a +3 ring of intelligence (left hand)
 m - a +3 ring of strength (right hand)
 r - a ring of positive energy
Wands
 i - a wand of quicksilver (6)
Scrolls
 g - 3 scrolls of blinking
 h - 2 scrolls of amnesia
 s - 2 scrolls of enchant armour
 t - a scroll of identify
 u - a scroll of butterflies
Potions
 b - 3 potions of magic
 c - 4 potions of curing
 d - a potion of invisibility
 e - 4 potions of haste
 f - 3 potions of heal wounds
 o - a potion of berserk rage
 p - 2 potions of brilliance
 q - a potion of mutation


   Skills:
 + Level 2.0 Fighting
 + Level 1.3 Staves
 + Level 6.6 Dodging
 + Level 7.2 Stealth
 - Level 1.3 Unarmed Combat
 + Level 15.3 Spellcasting
 + Level 8.8 Conjurations
 + Level 2.1 Transmutations
 + Level 19.6 Earth Magic
 + Level 3.2 Evocations


You had 26 spell levels left.
You knew the following spells:

 Your Spells              Type           Power      Damage    Failure   Level
a - Sandblast             Erth           100%       2d20      0%          1
b - Passwall              Tmut/Erth      50%        N/A       1%          2
c - Stone Arrow           Conj/Erth      100%       3d13      1%          3
d - Petrify               Tmut/Erth      61%        N/A       1%          4
e - Flame Wave            Conj/Fire      37%        2d10      1%          4

Your spell library contained the following spells:

 Spells                   Type           Power      Damage    Failure   Level
 Eringya's Noxious Bog    Tmut/Pois      11%        N/A       58%         6


Dungeon Overview and Level Annotations

Branches:
Dungeon (1/1)

Altars:
Cheibriados
Dithmenos
Elyvilon
Fedhas
Gozag
Hepliaklqana
Kikubaaqudgha
Makhleb
Nemelex Xobeh
Okawaru
Qazlal
Ru
Sif Muna
Trog
Uskayaw
Vehumet
Wu Jian
Xom
Yredelemnul
Zin
The Shining One
Jiyva
Lugonu


Innate Abilities, Weirdness & Mutations

You are immune to sickness and miasma.
Your stone body is resilient. (AC +8)
You are immune to poison.
You resist negative energy. (rN+)
You are resistant to electric shocks. (rElec)
You are resistant to unholy torment.
You are immune to petrification.


Message History

The blast of sand hits the blink frog!!
The blink frog is severely wounded.
The blink frog misses you.
The blink frog blinks!
The blink frog hits you!
Unknown command.
Unknown command.
Aiming: Quicksilver Bolt
Press: ? - help, Shift-Dir - straight line, f - bullfrog, p - blink frog
Aim: a bullfrog (translocational energy, almost dead, 67% to hit)
The bolt of dispelling energy hits the blink frog!
You kill the blink frog!
Vehumet accepts your kill.
You feel your power returning.
The bolt of dispelling energy misses the bullfrog.
The bullfrog hits you.
Unknown command.
Unknown command.
Casting: Sandblast (safe; 0% risk of failure)
Confirm with . or Enter, or press ? or * to list all spells.
Aiming: Sandblast (safe; 0% risk of failure)
Press: ? - help, Shift-Dir - straight line, f/p - bullfrog
Aim: a bullfrog (almost dead, 82% to hit)
The blast of sand hits the bullfrog!!
You kill the bullfrog!
Vehumet accepts your kill. The blink frog hits you!
* * * LOW HITPOINT WARNING * * *
Unknown command.
You feel better. The blink frog hits you.
* * * LOW HITPOINT WARNING * * *
Casting: Sandblast (safe; 0% risk of failure)
Confirm with . or Enter, or press ? or * to list all spells.
Aiming: Sandblast (safe; 0% risk of failure)
Press: ? - help, Shift-Dir - straight line, f - blink frog
Aim: a blink frog (74% to hit)
The blast of sand hits the blink frog!!
The blink frog is severely wounded.
The blink frog hits you!
* * * LOW HITPOINT WARNING * * *
The blink frog hits you!
You die...

▓▓▓▓▓▓▓▓▓▓▓▓▓▓▓▓▓▓▓▓▓▓▓▓
.......'.......F@†......
▓▓▓▓▓▓▓▓▓▓▓▓▓▓▓▓▓▓▓▓▓▓▓▓▓▓▓▓▓▓▓▓▓
.........).......................
▓▓▓▓▓▓▓▓▓▓▓▓▓▓▓▓▓▓▓▓▓▓▓▓▓▓▓▓▓▓▓▓▓
_________________'..)..[[..')....
▓▓▓▓▓▓▓▓▓▓▓▓▓▓▓▓▓▓▓▓▓▓▓▓▓▓▓▓▓▓▓▓▓


You could see a blink frog.

Vanquished Creatures
  Harold (D)
  A centaur warrior (D)
  A two-headed ogre (D)
  A manticore (D)
  A cyclops (D)
  An ugly thing (D)
  An elephant (D)
  A gargoyle (D)
  5 cane toads (D)
  2 polar bears (D)
  A tyrant leech (D)
  3 blink frogs (D)
  A wyvern (D)
  4 yaks (D)
  A shadow (D)
  2 basilisks (D)
  2 vampire mosquitoes (D)
  2 water moccasins (D)
  5 bullfrogs (D)
  A gnoll sergeant (D)
  A scorpion (D)
  A killer bee (D)
  A hound (D)
  A shadow imp (D)
  2 orcs (D)
  A goblin (D)
  A hobgoblin (D)
  2 kobolds (D)
  A ball python (D)
48 creatures vanquished.

Notes
Turn   | Place    | Note
-------+----------+-------------------------------------------
     0 | D        | mhtbhm the Gargoyle Earth Elementalist began the quest for
                  | the Orb.
     0 | D        | Reached XP level 1. HP: 10/10 MP: 3/3
     5 | D        | Reached skill level 4 in Earth Magic
    58 | D        | Noticed a hound
    58 | D        | Noticed a scorpion
    60 | D        | Reached XP level 2. HP: 15/15 MP: 3/5
    67 | D        | Reached skill level 5 in Earth Magic
    68 | D        | Reached skill level 6 in Earth Magic
    68 | D        | Reached XP level 3. HP: 18/19 MP: 3/7
    73 | D        | Killed a scorpion
    74 | D        | Reached skill level 1 in Unarmed Combat
    74 | D        | Reached skill level 8 in Earth Magic
    74 | D        | Reached XP level 4. HP: 23/24 MP: 5/10
   320 | D        | Learned a level 2 spell: Passwall
   324 | D        | Learned a level 3 spell: Stone Arrow
   329 | D        | Learned a level 4 spell: Petrify
   334 | D        | Found a snail-covered altar of Cheibriados.
   334 | D        | Found a shadowy altar of Dithmenos.
   334 | D        | Found a white marble altar of Elyvilon.
   334 | D        | Found a blossoming altar of Fedhas.
   334 | D        | Found an opulent altar of Gozag.
   335 | D        | Found a hazy altar of Hepliaklqana.
   336 | D        | Found a viscous altar of Jiyva.
   337 | D        | Found an ancient bone altar of Kikubaaqudgha.
   338 | D        | Found a corrupted altar of Lugonu.
   339 | D        | Found a burning altar of Makhleb.
   340 | D        | Found a sparkling altar of Nemelex Xobeh.
   341 | D        | Found an iron altar of Okawaru.
   342 | D        | Found a stormy altar of Qazlal.
   343 | D        | Found a sacrificial altar of Ru.
   344 | D        | Found a shimmering blue altar of Sif Muna.
   345 | D        | Found a bloodstained altar of Trog.
   346 | D        | Found a hide-covered altar of Uskayaw.
   347 | D        | Found a radiant altar of Vehumet.
   348 | D        | Found an ornate altar of the Wu Jian Council.
   349 | D        | Found a shimmering altar of Xom.
   350 | D        | Found a basalt altar of Yredelemnul.
   351 | D        | Found a glowing silver altar of Zin.
   352 | D        | Found a glowing golden altar of the Shining One.
   355 | D        | Became a worshipper of Vehumet
   387 | D        | Noticed a yak
   387 | D        | Noticed a gnoll sergeant
   387 | D        | Noticed a shadow
   387 | D        | Noticed a two-headed ogre
   387 | D        | Noticed a yak
   390 | D        | Reached skill level 5 in Spellcasting
   390 | D        | Reached skill level 9 in Earth Magic
   390 | D        | Reached XP level 5. HP: 27/28 MP: 8/12
   392 | D        | Killed a shadow
   392 | D        | Reached * piety under Vehumet
   392 | D        | Offered knowledge of Freeze by Vehumet.
   393 | D        | Reached skill level 5 in Stealth
   393 | D        | Reached skill level 1 in Transmutations
   393 | D        | Reached skill level 11 in Earth Magic
   393 | D        | Reached skill level 1 in Evocations
   393 | D        | Reached XP level 6. HP: 32/32 MP: 9/16
   394 | D        | Killed a two-headed ogre
   395 | D        | Reached skill level 13 in Earth Magic
   395 | D        | Reached XP level 7. HP: 36/36 MP: 8/20
   395 | D        | Reached XP level 8. HP: 41/41 MP: 8/21
   395 | D        | Killed a yak
   396 | D        | Reached skill level 14 in Earth Magic
   396 | D        | Killed a yak
   396 | D        | Reached ** piety under Vehumet
   397 | D        | Reached skill level 5 in Dodging
   397 | D        | Reached skill level 10 in Spellcasting
   461 | D        | Noticed a cyclops
   461 | D        | Noticed a manticore
   461 | D        | Noticed a brown ugly thing
   461 | D        | Noticed a gargoyle
   461 | D        | Noticed a centaur warrior
   629 | D        | Killed a cyclops
   629 | D        | Offered knowledge of Kiss of Death by Vehumet.
   630 | D        | Reached skill level 15 in Earth Magic
   630 | D        | Reached XP level 9. HP: 42/45 MP: 10/24
   812 | D        | Killed a manticore
   812 | D        | Offered knowledge of Poisonous Vapours by Vehumet.
   813 | D        | Reached skill level 1 in Conjurations
   813 | D        | Reached skill level 16 in Earth Magic
   816 | D        | Killed a gargoyle
   816 | D        | Reached *** piety under Vehumet
  1042 | D        | Killed a brown ugly thing
  1140 | D        | Killed a centaur warrior
  1140 | D        | Offered knowledge of Fulminant Prism by Vehumet.
  1141 | D        | Reached skill level 17 in Earth Magic
  1141 | D        | Reached XP level 10. HP: 22/50 MP: 18/27
  1277 | D        | Noticed Harold
  1284 | D        | Killed Harold
  1409 | D        | Noticed a cane toad
  1411 | D        | Reached **** piety under Vehumet
  1415 | D        | Killed a cane toad
  1415 | D        | Offered knowledge of Flame Wave by Vehumet.
  1416 | D        | Reached skill level 5 in Conjurations
  1418 | D        | Reached skill level 18 in Earth Magic
  1439 | D        | Learned a level 4 spell: Flame Wave
  1549 | D        | Reached ***** piety under Vehumet
  1549 | D        | Offered knowledge of Iskenderun's Battlesphere by Vehumet.
  1791 | D        | Noticed a cane toad
  1791 | D        | Noticed a cane toad
  1791 | D        | Noticed a cane toad
  1791 | D        | Noticed an elephant
  1801 | D        | Killed a cane toad
  2046 | D        | Killed a cane toad
  2047 | D        | Reached skill level 1 in Fighting
  2048 | D        | Offered knowledge of Eringya's Noxious Bog by Vehumet.
  2131 | D        | Killed a cane toad
  2136 | D        | Killed an elephant
  2137 | D        | Reached skill level 1 in Staves
  2137 | D        | Reached skill level 19 in Earth Magic
  2137 | D        | Reached XP level 11. HP: 38/56 MP: 5/29
  2365 | D        | Reached skill level 15 in Spellcasting
  2377 | D        | Reached ****** piety under Vehumet
  2382 | D        | Slain by a blink frog

Illustrated notes

Levels and vault maps discovered:
D:        linesprint [early_d, line_temple, items_1, d_10, items_2, lair_1,
          lair_end, items_3, orc_1, orc_end, items_4, d_15, swamp_1, shoals_1,
          snake_1, spider_1, d_20, vaults_1, items_5, swamp_end, shoals_end,
          snake_end, spider_end, vaults_end, d_27, items_6, zot_1, zot_end,
          crypt_end, forest_end, elf_end, slime_end, tomb_end, abyss_end,
          pan_hell_end]

Skill      XL: |  1  2  3  4  5  6  7  8  9 10 11 |
---------------+----------------------------------+-----
Earth Magic    | 4 6 8 9 11 13 15 17 19 | 19.6
Stealth        | 3 4 5 6 7 |  7.2
Dodging        | 2 3 4 5 6 |  6.6
Spellcasting   | 3 4 5 7 9 11 13 14 15 | 15.3
Unarmed Combat | 1 |  1.3
Transmutations | 1 2 |  2.1
Evocations     | 1 2 3 |  3.2
Conjurations   | 3 7 8 |  8.8
Fighting       | 1 2 |  2.0
Staves         | 1 |  1.3

Action                   |  1- 3 |  4- 6 |  7- 9 | 10-12 || total
-------------------------+-------+-------+-------+-------++-------
Melee: Unarmed           |     9 |       |       |       ||     9
       Quarterstaff      |       |       |       |     5 ||     5
 Cast: Sandblast         |    15 |     5 |     5 |     7 ||    32
       Stone Arrow       |       |       |    18 |    65 ||    83
       Petrify           |       |       |       |     2 ||     2
Evoke: Wand              |       |     3 |       |     1 ||     4
  Use: Potion            |     4 |       |       |     2 ||     6
       Scroll            |       |       |     1 |       ||     1
Armor: Robe              |     9 |     1 |     3 |    14 ||    27
Dodge: Dodged            |     8 |     9 |     7 |    35 ||    59

Table legend: (Time is in decaauts)
 A = Elapsed time spent in this place.
 B = Non-inter-level travel time spent in this place.
 C = Inter-level travel time spent in this place.
 D = Time resting spent in this place.
 E = Time spent auto-exploring this place.
 F = Levels seen in this place.
 G = Mean time per level.
                   A        B        C        D        E       F      G
               +--------+--------+--------+--------+--------+-----+--------+
         Total |   2403 |   2403 |      0 |   1789 |    163 |   1 | 2403.0 |
       Dungeon |   2403 |   2403 |      0 |   1789 |    163 |   1 | 2403.0 |
               +--------+--------+--------+--------+--------+-----+--------+

Top non-repeatable levels by time:
       D: 2403 daAuts
